 Dungeon Crawl Stone Soup version 0.31-a0-355-g57cb03d3e8 (webtiles) character file.

Game seed: 1874334201417094652

151464 olmar the Basher (level 17, -15/135 HPs)
             Began as a Gnoll Reaver on July 23, 2023.
             Was the Champion of Cheibriados.
             Demolished by a purple very ugly thing (23 damage)
             ... on level 1 of the Depths on July 24, 2023.
             The game lasted 01:15:40 (31439 turns).

olmar the Basher (Gnoll Reaver)                    Turns: 31439, Time: 01:15:41

Health: -15/135    AC: 15    Str: 44    XL:     17   Next: 56%
Magic:  15/42      EV: 25    Int: 34    God:    Cheibriados [******]
Gold:   2867       SH:  0    Dex: 29    Spells: 1/41 levels left

rFire   + . .        l - +7 Maxwell's thermic engine {flame, freeze, rev}
rCold   . . .        (no shield)
rNeg    . . .        i - +1 leather armour of Shielding {Will+ Regen+ Stlth+}
rPois   .            d - +3 hat of Amma {Will- rCorr Stlth+}
rElec   +            Q - scarf {+Inv}
rCorr   +            k - +2 pair of gloves
SInv    +            K - +2 pair of boots
Will    ++...        D - amulet of the Sky {Acrobat MP+9 Int-2 Dex+4 SInv}
Stlth   ++++++++     E - ring "Veipneg" {rF+ Str+6 Int+3}
HPRegen 1.22/turn    j - ring of Atrucae {Drain rElec Will+ Str+6 Int+2}
MPRegen 0.28/turn

%: acrobat
@: marked, very slow
A: fangs 1, strong nose, distributed training
a: Renounce Religion, Evoke Invisibility, Bend Time, Temporal Distortion,
Slouch, Step From Time


You were on level 1 of the Depths.
You worshipped Cheibriados.
Cheibriados was exalted by your worship.
You visited 6 branches of the dungeon, and saw 26 of its levels.
You also visited: Ossuary, Gauntlet and Ice Cave.

You collected 3353 gold pieces.
You spent 486 gold pieces at shops.

Inventory:

Hand Weapons
 l - the +7 Maxwell's thermic engine (weapon) {flame, freeze, rev}
   (You found it in an ice cave)
Missiles
 h - 31 poisoned darts (quivered)
 x - 10 javelins
Armour
 d - the +3 hat of Amma (worn) {Will- rCorr Stlth+}
   (You acquired it on level 2 of the Orcish Mines)

   rCorr:     It protects you from acid and corrosion.
   Will:      It decreases your willpower.
   Stlth:     It makes you more stealthy.
 i - the +1 leather armour of Shielding (worn) {Will+ Regen+ Stlth+}
   (You found it on level 2 of the Lair of Beasts)

   Regen:     It increases your rate of health regeneration.
   Will:      It increases your willpower.
   Stlth:     It makes you more stealthy.
 k - a +2 pair of gloves (worn)
 K - a +2 pair of boots (worn)
 Q - a scarf of invisibility (worn)
Magical Staves
 n - a staff of earth
 V - a staff of poison
Jewellery
 f - an amulet of guardian spirit
 j - the ring of Atrucae (right hand) {Drain rElec Will+ Str+6 Int+2}
   (You found it in a Gauntlet)

   [ring of strength]

   Str:       It affects your strength (+6).
   Int:       It affects your intelligence (+2).
   rElec:     It insulates you from electricity.
   Drain:     It drains your maximum health when unequipped.
   Will:      It increases your willpower.
 m - a ring of poison resistance
 u - an amulet of regeneration
 D - the amulet of the Sky (around neck) {Acrobat MP+9 Int-2 Dex+4 SInv}
   (You acquired it on level 4 of the Lair of Beasts)

   [amulet of the acrobat]

   It increases your evasion while moving and waiting.
   Int:       It affects your intelligence (-2).
   Dex:       It affects your dexterity (+4).
   MP:        It affects your magic capacity (+9).
   SInv:      It lets you see invisible.
 E - the ring "Veipneg" (left hand) {rF+ Str+6 Int+3}
   (You found it in a Gauntlet)

   [ring of strength]

   Str:       It affects your strength (+6).
   Int:       It affects your intelligence (+3).
   rF:        It protects you from fire.
 P - a ring of fire
 Y - a ring of resist corrosion
Wands
 c - a wand of mindburst (13)
 r - a wand of polymorph (4)
 w - a wand of quicksilver (22)
 A - a wand of roots (30)
 J - a wand of charming (5)
 S - a wand of flame (14)
 X - a wand of digging (8)
Scrolls
 t - a scroll of fear
 B - 3 scrolls of poison
 G - 3 scrolls of fog
 M - a scroll of torment
 R - 5 scrolls of amnesia
 T - 2 scrolls of enchant weapon
 W - 4 scrolls of enchant armour
Potions
 e - 6 potions of lignification
 g - 4 potions of might
 o - 5 potions of brilliance
 q - a potion of resistance
 v - 9 potions of enlightenment
 z - 9 potions of curing
 C - 2 potions of cancellation
 H - a potion of mutation
 I - 2 potions of attraction
 N - 3 potions of magic
 O - 3 potions of ambrosia
Miscellaneous
 a - a phantom mirror
 p - a condenser vane (inert)
 s - a lightning rod (inert)


   Skills:
 + Level 12.7 Fighting
 + Level 11.9 Short Blades
 + Level 11.9 Long Blades
 + Level 11.9 Axes
 + Level 13.5 Maces & Flails
 + Level 11.9 Polearms
 + Level 11.9 Staves
 + Level 11.9 Ranged Weapons
 + Level 11.9 Throwing
 + Level 11.9 Armour
 + Level 12.7 Dodging
 + Level 11.9 Stealth
 + Level 11.9 Shields
 + Level 11.9 Unarmed Combat
 + Level 12.9 Spellcasting
 + Level 11.4 Conjurations
 + Level 10.1 Hexes
 + Level 10.1 Summonings
 + Level 10.1 Necromancy
 + Level 10.1 Translocations
 + Level 10.1 Transmutations
 + Level 10.1 Fire Magic
 + Level 10.1 Ice Magic
 + Level 10.1 Air Magic
 + Level 10.1 Earth Magic
 + Level 10.1 Poison Magic
 + Level 13.0 Invocations
 + Level 11.9 Evocations
 + Level 10.1 Shapeshifting


You had one spell level left.
You knew the following spells:

 Your Spells              Type           Power      Damage    Failure   Level
a - Kiss of Death         Conj/Necr      100%       2d13      1%          1
b - Momentum Strike       Conj/Tloc      100%       3d10      1%          2
c - Call Imp              Summ           100%       N/A       1%          2
d - Mephitic Cloud        Conj/Pois/Air  76%        N/A       1%          3
e - Summon Small Mammal   Summ           100%       N/A       1%          1
f - Call Canine Familiar  Summ           74%        N/A       1%          3
g - Slow                  Hex            100%       N/A       1%          1
h - Ignite Poison         Fire/Tmut/Pois 74%        N/A       1%          3
i - Animate Armour        Summ/Erth      100%       N/A       1%          4
j - Poisonous Vapours     Pois/Air       100%       N/A       1%          2
k - Summon Lightning Spi  Summ/Air       74%        N/A       1%          4
l - Freezing Cloud        Conj/Ice/Air   38%        6-21      1%          5
m - Manifold Assault      Tloc           74%        N/A       1%          4
n - Fireball              Conj/Fire      38%        3d16      1%          5

Your spell library contained the following spells:

 Spells                   Type           Power      Damage    Failure   Level
 Apportation              Tloc           100%       N/A       1%          1
 Magic Dart               Conj           100%       1d8       1%          1
 Necrotise                Necr           100%       1d9       1%          1
 Sting                    Tmut/Pois      100%       1d8       1%          1
 Cigotuvi's Dreadful Rot  Necr/Pois/Air  100%       N/A       1%          2
 Static Discharge         Conj/Air       100%       2-7/arc   1%          2
 Sublimation of Blood     Necr           74%        N/A       1%          2
 Confusing Touch          Hex            74%        N/A       1%          3
 Frozen Ramparts          Ice            100%       1d16      1%          3
 Hailstorm                Conj/Ice       77%        3d16      1%          3
 Portal Projectile        Hex/Tloc       100%       N/A       1%          3
 Vampiric Draining        Necr           74%        2d11      1%          3
 Airstrike                Air            37%        2d(6-22)  1%          4
 Cause Fear               Hex            37%        N/A       1%          4
 Leda's Liquefaction      Hex/Erth       37%        N/A       1%          4
 Olgreb's Toxic Radiance  Pois           74%        N/A       1%          4
 Petrify                  Tmut/Erth      74%        N/A       1%          4
 Borgnjor's Vile Clutch   Necr/Erth      37%        N/A       1%          5
 Lee's Rapid Deconstruct  Erth           37%        3d18*     1%          5
 Metabolic Englaciation   Hex/Ice        37%        N/A       1%          5
 Dispersal                Tloc           37%        N/A       4%          6
 Disjunction              Tloc           37%        N/A       91%         8
 Dragon's Call            Summ           37%        N/A       100%        9


Dungeon Overview and Level Annotations

Branches:
Dungeon (15/15)            Temple (1/1) D:5            Lair (5/5) D:10
  Swamp (0/4) Lair:3        Snake (0/4) Lair:2        Slime (0/5) Lair:4
    Orc (2/2) D:12            Elf (2/3) Orc:2        Vaults (0/5) D:14
 Depths (1/4) D:15        Ossuary (visited)           IceCv (visited)
Gauntlet (visited)

Altars:
Ashenzari
Cheibriados
Dithmenos
Elyvilon
Fedhas
Gozag
Hepliaklqana
Kikubaaqudgha
Makhleb
Nemelex Xobeh
Okawaru
Qazlal
Ru
Sif Muna
Trog
Uskayaw
Vehumet
Wu Jian
Xom
Yredelemnul
Zin
The Shining One

Shops:
D:12 (   Orc:2 [*([   Elf:1 =

Portals:
Hell: Depths:1

Annotations:
Elf:2 3 runed translucent doors


Innate Abilities, Weirdness & Mutations

You have very sharp teeth.
Your uncanny sense of smell can sniff out nearby items.
Your experience applies equally to all skills.


Message History

The purple very ugly thing gurgles horribly!
Unknown command.
Okay, then.
Okay, then.
You step out of the flow of time.
You return to the normal time flow.
A stone giant and a fire giant come into view.
The fire giant is wielding a +0 great sword of flaming.
The purple very ugly thing gurgles horribly!
The white ugly thing gurgles horribly! x2; The fire giant shouts!
The white ugly thing gurgles horribly!
The purple very ugly thing gurgles horribly!
The white ugly thing gurgles horribly!
The purple ugly thing gurgles horribly!
The white ugly thing basks in the mutagenic energy from its kin and changes!
The fire giant barely misses you.
The purple very ugly thing basks in the mutagenic energy from its kin and changes! x2
The purple very ugly thing barely misses you.
The white ugly thing completely misses you.
Unknown command.
Unknown command.
Unknown command.
Aiming: Fastroot
Press: ? - help, Shift-Dir - straight line, f - you, p - white ugly thing The roots erupt in riotous growth!
Roots grab the white ugly thing.
Roots grab the white very ugly thing.
Roots grab the white ugly thing. x2; Roots grab the purple very ugly thing.
Roots grab the white ugly thing.
Roots grab the fire giant.
The grasping roots constrict the purple very ugly thing.
The grasping roots constrict the white very ugly thing!
The grasping roots constrict the white ugly thing!
The grasping roots constrict the white ugly thing.
The grasping roots constrict the fire giant!
The grasping roots constrict the white ugly thing!
The grasping roots constrict the white ugly thing.
The white ugly thing pecks you.
* * * LOW HITPOINT WARNING * * *
The white ugly thing freezes you!!
* * * LOW HITPOINT WARNING * * *
The white ugly thing basks in the mutagenic energy from its kin and changes!
The purple very ugly thing stings you!!
You die...

.. ##.# #. #.# #.##
#.# #..# #.#
#######)## ##'###
#....u.).#######.....
#..u).).))....('∩....
#..uuuu[C#######.....
#.uu@uu).# #..... '
#..uuC)..# ###'##
.......u....# #.#
####........# #.#
#######.## ####.# ..#
#....# ## #.####
####'##### #.........


You could see 4 very ugly things, a fire giant (rooted), a stone giant and 9
ugly things.

Vanquished Creatures
  Saint Roka (Depths:1)
  Jorgrun (D:12)
  A fire giant (Depths:1)
  2 frost giants
  An orc warlord (Orc:2)
  4 very ugly things
  3 stone giants (Depths:1)
  Nessos (Lair:4)
  A minotaur (Gauntlet)
  2 deep elf death magi (Elf:1)
  2 ettins
  Josephine (Lair:4)
  2 fire dragons (Depths:1)
  Snorg (D:11)
  Erolcha (D:12)
  2 entropy weavers (D:13)
  A great orb of eyes (D:15)
  4 hydras
  3 ghost crabs (D:13)
  2 catoblepae
  2 rakshasas
  A centaur warrior (D:15)
  15 death yaks
  7 dancing weapons (Elf:1)
  A boulder beetle (D:11)
  A two-headed ogre (D:8)
  2 orc high priests
  5 fire crabs (D:13)
  5 deep elf knights (Elf:1)
  A shadow wraith (D:14)
  4 skeletal warriors (D:12)
  A skyshark (Lair:4)
  A deep troll (D:14)
  4 deep elf archers (Elf:1)
  2 wizards
  8 deep elf pyromancers
  14 deep elf zephyrmancers (Elf:1)
  2 necromancers (Elf:1)
  3 orc sorcerers
  3 orc knights
  3 cyclopes
  20 ugly things
  6 manticores
  Maurice (D:9)
  16 elephants
  An eye of devastation (shapeshifter) (D:15)
  An apocalypse crab (D:13)
  An ice statue (IceCv)
  An elephant (shapeshifter) (D:14)
  2 gargoyles
  5 black mambas
  17 cane toads
  7 rime drakes
  An unseen horror (D:12)
  A torpor snail (Lair:5)
  The ghost of porpoise the Sneak, a novice OpSh (D:4)
  An efreet (D:15)
  A tengu conjurer (D:15)
  7 komodo dragons
  6 meliai
  2 queen bees
  6 trolls
  7 polar bears
  17 blink frogs
  Grinder (D:5)
  3 hornets (Lair:5)
  14 dream sheep
  An air elemental (Elf:1)
  10 spriggans (Lair:5)
  A vampire (D:12)
  23 slime creatures
  A shadow (D:10)
  5 wraiths
  4 wyverns
  56 yaks
  8 basilisks
  A water elemental (Elf:1)
  A steam dragon (Lair:2)
  5 wargs
  An acid dragon (D:10)
  A naga (Lair:2)
  2 large abominations (Elf:1)
  20 water moccasins
  5 ice beasts
  37 orc warriors
  A sky beast (D:8)
  7 black bears
  5 boggarts (Lair:5)
  3 ogres
  33 wolves
  8 centaurs
  5 phantoms
  2 kobold brigands (D:8)
  14 bullfrogs
  3 elf zombies
  6 scorpions
  An earth elemental (Elf:1)
  5 wights
  A troll zombie (Ossuary)
  21 killer bees
  An electric eel (D:14)
  4 howler monkeys
  3 centaur zombies (Ossuary)
  12 orc priests
  A gnoll bouda (D:8)
  3 hounds
  3 jellies
  2 sleepcaps
  Jessica (D:3)
  5 iguanas
  Ijyb (D:4)
  24 orc wizards
  An ogre zombie (Ossuary)
  7 mummies (Ossuary)
  12 adders
  4 gnolls
  A shadow imp (D:7)
  2 white imps (D:5)
  7 adder zombies (Ossuary)
  3 worms
  5 dart slugs
  93 orcs
  7 endoplasms
  8 giant cockroaches
  9 goblins
  7 hobgoblins
  3 jackals
  2 quokkas
  7 ball pythons
  12 bats
  14 frilled lizards
  2 gnoll zombies (Ossuary)
  6 goblin zombies (Ossuary)
  2 hobgoblin zombies (Ossuary)
  6 kobolds
  2 kobold zombies (Ossuary)
  2 quokka zombies (Ossuary)
  6 rats
  3 rat zombies (Ossuary)
857 creatures vanquished.

Vanquished Creatures (collateral kills)
  Frances (D:12)
  A very ugly thing (Depths:1)
  An ettin (Orc:2)
  2 hydras
  A centaur warrior (D:14)
  A death yak (Lair:5)
  A deep elf pyromancer (Elf:1)
  A black mamba (Lair:5)
  A gargoyle (Gauntlet)
  2 rime drakes
  3 polar bears
  A hornet (Lair:5)
  A dream sheep (Lair:3)
  A slime creature (D:14)
  A spriggan (Lair:5)
  A fire elemental (Elf:1)
  8 yaks
  A warg (Orc:1)
  A water moccasin (Lair:3)
  2 orc warriors
  5 wolves
  2 black bears (Lair:5)
  A wight (D:7)
  A killer bee (D:8)
  A howler monkey (D:8)
  A jelly (D:8)
  2 orc priests
  An orc wizard (D:14)
  2 orcs
48 creatures vanquished.

Vanquished Creatures (others)
  A slime creature (D:15)
  A water elemental (Elf:1)
  An orc priest (Elf:2)
3 creatures vanquished.

Grand Total: 908 creatures vanquished

Notes
Turn   | Place    | Note
-------+----------+-------------------------------------------
     0 | D:1      | olmar the Gnoll Reaver began the quest for the Orb.
     0 | D:1      | Reached XP level 1. HP: 20/20 MP: 6/6
   200 | D:1      | Reached XP level 2. HP: 22/26 MP: 7/7
   553 | D:1      | Reached skill level 5 in Spellcasting
   553 | D:1      | Reached XP level 3. HP: 31/31 MP: 7/9
   945 | D:2      | Reached skill level 1 in Invocations
   949 | D:2      | Reached skill level 1 in Short Blades
   949 | D:2      | Reached skill level 1 in Long Blades
   949 | D:2      | Reached skill level 1 in Axes
   949 | D:2      | Reached skill level 1 in Polearms
   949 | D:2      | Reached skill level 1 in Staves
   949 | D:2      | Reached skill level 1 in Ranged Weapons
   949 | D:2      | Reached skill level 1 in Throwing
   949 | D:2      | Reached skill level 1 in Armour
   949 | D:2      | Reached skill level 1 in Stealth
   949 | D:2      | Reached skill level 1 in Shields
   949 | D:2      | Reached skill level 1 in Unarmed Combat
   949 | D:2      | Reached skill level 1 in Evocations
   953 | D:2      | Reached XP level 4. HP: 15/29 MP: 8/11
  1359 | D:2      | Reached skill level 1 in Hexes
  1359 | D:2      | Reached skill level 1 in Summonings
  1359 | D:2      | Reached skill level 1 in Necromancy
  1359 | D:2      | Reached skill level 1 in Translocations
  1359 | D:2      | Reached skill level 1 in Transmutations
  1359 | D:2      | Reached skill level 1 in Fire Magic
  1359 | D:2      | Reached skill level 1 in Ice Magic
  1359 | D:2      | Reached skill level 1 in Air Magic
  1359 | D:2      | Reached skill level 1 in Earth Magic
  1359 | D:2      | Reached skill level 1 in Poison Magic
  1359 | D:2      | Reached skill level 1 in Shapeshifting
  1466 | D:2      | Learned a level 2 spell: Momentum Strike
  1469 | D:2      | Learned a level 2 spell: Call Imp
  1612 | D:2      | Reached XP level 5. HP: 34/38 MP: 12/12
  1793 | D:2      | Found a faded altar of an unknown god.
  1848 | D:2      | Prayed at the altar of an unknown god.
  1848 | D:2      | Became a worshipper of Elyvilon the Healer
  1848 | D:2      | Reached * piety under Elyvilon
  2227 | D:3      | Noticed Jessica
  2252 | D:3      | Killed Jessica
  2464 | D:3      | Reached ** piety under Elyvilon
  2513 | D:3      | Found a hazy altar of Hepliaklqana.
  2799 | D:3      | Noticed a black bear
  2812 | D:3      | Killed a black bear
  2813 | D:3      | Reached XP level 6. HP: 21/50 MP: 11/14
  3075 | D:3      | Learned a level 3 spell: Mephitic Cloud
  3124 | D:4      | Found a sacrificial altar of Ru.
  3133 | D:4      | Noticed Ijyb
  3148 | D:4      | Reached skill level 5 in Fighting
  3148 | D:4      | Reached skill level 5 in Dodging
  3163 | D:4      | Killed Ijyb
  3400 | D:4      | Found a glowing golden altar of the Shining One.
  3424 | D:4      | Noticed a black bear
  3434 | D:4      | Killed a black bear
  3684 | D:4      | Reached XP level 7. HP: 56/56 MP: 15/15
  3731 | D:4      | Found a runed translucent gate.
  3731 | D:4      | Noticed porpoise's ghost (novice OpSh)
  3732 | D:4      | Found a runed translucent gate.
  3733 | D:4      | Found a runed translucent gate.
  3910 | D:4      | Reached *** piety under Elyvilon
  4131 | D:5      | Entered Level 5 of the Dungeon
  4131 | D:5      | Found a stormy altar of Qazlal.
  4357 | D:5      | Found a staircase to the Ecumenical Temple.
  4517 | D:5      | Noticed Grinder
  4529 | D:5      | Killed Grinder
  4530 | D:5      | Reached XP level 8. HP: 53/63 MP: 16/16
  4682 | Temple   | Entered the Ecumenical Temple
  5243 | D:5      | Noticed Sigmund
  5248 | D:5      | Sigmund changed into Sigmund the hound
  5248 | D:5      | Noticed Sigmund
  5257 | D:5      | Killed Sigmund the hound
  5415 | D:6      | Found a glowing golden altar of the Shining One.
  5520 | D:6      | Reached XP level 9. HP: 69/69 MP: 18/18
  5531 | D:6      | Reached **** piety under Elyvilon
  5736 | D:6      | Found a snail-covered altar of Cheibriados.
  5875 | D:6      | Fell from the grace of Elyvilon
  5875 | D:6      | Became a worshipper of Cheibriados the Contemplative
  5984 | D:6      | Learned a level 1 spell: Summon Small Mammal
  5988 | D:6      | Learned a level 3 spell: Call Canine Familiar
  5990 | D:6      | Learned a level 1 spell: Slow
  6053 | D:7      | Found an opulent altar of Gozag.
  6666 | D:8      | Reached * piety under Cheibriados
  6673 | D:8      | Reached skill level 5 in Invocations
  6706 | D:8      | Found a sand-covered staircase.
  6710 | Ossuary  | Entered an ossuary
  6949 | Ossuary  | Reached ** piety under Cheibriados
  7236 | D:8      | Reached XP level 10. HP: 73/77 MP: 16/20
  7242 | D:8      | Reached skill level 5 in Short Blades
  7242 | D:8      | Reached skill level 5 in Long Blades
  7242 | D:8      | Reached skill level 5 in Axes
  7242 | D:8      | Reached skill level 5 in Polearms
  7242 | D:8      | Reached skill level 5 in Staves
  7242 | D:8      | Reached skill level 5 in Ranged Weapons
  7242 | D:8      | Reached skill level 5 in Throwing
  7242 | D:8      | Reached skill level 5 in Armour
  7242 | D:8      | Reached skill level 5 in Stealth
  7242 | D:8      | Reached skill level 5 in Shields
  7242 | D:8      | Reached skill level 5 in Unarmed Combat
  7242 | D:8      | Reached skill level 5 in Evocations
  7494 | D:8      | Found an iron altar of Okawaru.
  7509 | D:8      | Noticed a two-headed ogre
  7529 | D:8      | Killed a two-headed ogre
  7629 | D:8      | Reached *** piety under Cheibriados
  7837 | D:8      | Found a radiant altar of Vehumet.
  7846 | D:8      | Found an ancient bone altar of Kikubaaqudgha.
  7854 | D:8      | Found a shimmering blue altar of Sif Muna.
  8254 | D:8      | Found a blossoming altar of Fedhas.
  8598 | D:9      | Found a broken altar of Ashenzari.
  8598 | D:9      | Found a white marble altar of Elyvilon.
  8607 | D:9      | Found a sparkling altar of Nemelex Xobeh.
  8609 | D:9      | Found a faded altar of an unknown god.
  8611 | D:9      | Found a faded altar of an unknown god.
  8758 | D:9      | Learned a level 3 spell: Ignite Poison
  8763 | D:9      | Learned a level 4 spell: Animate Armour
  8810 | D:9      | Noticed a +0 dagger
  8812 | D:9      | Noticed a +0 spear
  8813 | D:9      | Noticed a +0 short sword
  8814 | D:9      | Noticed a +0 falchion
  8832 | D:9      | Noticed a +0 spear
  8833 | D:9      | Noticed a +0 falchion
  8834 | D:9      | Noticed a +0 short sword
  8835 | D:9      | Noticed Maurice
  8845 | D:9      | Reached XP level 11. HP: 84/84 MP: 8/22
  8853 | D:9      | Noticed a +0 dagger
  8864 | D:9      | Reached skill level 5 in Hexes
  8864 | D:9      | Reached skill level 5 in Summonings
  8864 | D:9      | Reached skill level 5 in Necromancy
  8864 | D:9      | Reached skill level 5 in Translocations
  8864 | D:9      | Reached skill level 5 in Transmutations
  8864 | D:9      | Reached skill level 5 in Fire Magic
  8864 | D:9      | Reached skill level 5 in Ice Magic
  8864 | D:9      | Reached skill level 5 in Air Magic
  8864 | D:9      | Reached skill level 5 in Earth Magic
  8864 | D:9      | Reached skill level 5 in Poison Magic
  8864 | D:9      | Reached skill level 5 in Shapeshifting
  8880 | D:9      | Killed Maurice
  8960 | D:9      | Found a hide-covered altar of Uskayaw.
  9256 | D:9      | Learned a level 2 spell: Poisonous Vapours
  9526 | D:10     | Entered Level 10 of the Dungeon
  9890 | D:10     | Found a staircase to the Lair.
  9905 | D:10     | Reached **** piety under Cheibriados
 10492 | D:11     | Noticed a cyclops
 10511 | D:11     | Killed a cyclops
 10587 | D:11     | Found a frozen archway.
 10596 | IceCv    | Entered an ice cave
 10722 | IceCv    | Noticed a death yak
 10723 | IceCv    | Noticed a death yak
 10732 | IceCv    | Killed a death yak
 10735 | IceCv    | Killed a death yak
 10750 | IceCv    | Reached XP level 12. HP: 94/94 MP: 24/24
 10753 | IceCv    | Noticed a death yak
 10766 | IceCv    | Noticed a death yak
 10771 | IceCv    | Killed a death yak
 10777 | IceCv    | Killed a death yak
 10834 | IceCv    | Noticed a death yak
 10836 | IceCv    | Noticed a death yak
 10846 | IceCv    | Killed a death yak
 10850 | IceCv    | Killed a death yak
 10947 | IceCv    | Noticed a death yak
 10947 | IceCv    | Noticed a frost giant
 11075 | IceCv    | Reached skill level 10 in Maces & Flails
 11089 | IceCv    | Killed a death yak
 11094 | IceCv    | Killed a frost giant
 11109 | IceCv    | Reached ***** piety under Cheibriados
 11246 | IceCv    | Found the +2 Maxwell's thermic engine {flame, freeze, rev}
 11380 | IceCv    | Noticed a death yak
 11389 | IceCv    | Killed a death yak
 11572 | D:11     | Noticed a seven-headed hydra
 11581 | D:11     | Killed a four-headed hydra
 11928 | D:11     | Noticed a boulder beetle
 11936 | D:11     | Killed a boulder beetle
 12468 | D:11     | Noticed Snorg
 12491 | D:11     | Killed Snorg
 12866 | Lair:1   | Entered Level 1 of the Lair of Beasts
 12969 | Lair:1   | Reached XP level 13. HP: 101/101 MP: 26/26
 14350 | Lair:2   | Reached ****** piety under Cheibriados
 14351 | Lair:2   | Reached skill level 10 in Spellcasting
 14584 | Lair:2   | Identified the +1 leather armour of Shielding {Will+ Regen+
                  | Stlth+}
 14588 | Lair:2   | Found a staircase to the Snake Pit.
 15205 | Lair:3   | Found a staircase to the Swamp.
 15249 | Lair:3   | Reached skill level 10 in Fighting
 15249 | Lair:3   | Reached skill level 10 in Dodging
 15364 | Lair:3   | Reached XP level 14. HP: 65/110 MP: 28/28
 15670 | Lair:3   | You fall into a shaft and drop 2 floors!
 15670 | Lair:5   | Entered Level 5 of the Lair of Beasts
 15694 | Lair:5   | Reached skill level 10 in Invocations
 16075 | Lair:5   | Identified the +4 rapier of Plague {drain, rF+}
 17089 | Lair:5   | Identified the +6 falchion of the Spheres {holy, *Rage
                  | Will+ Str+3}
 17871 | Lair:4   | Reached skill level 10 in Conjurations
 17877 | Lair:4   | Reached XP level 15. HP: 117/117 MP: 30/30
 17901 | Lair:4   | Found a staircase to the Slime Pits.
 17981 | Lair:4   | Reached skill level 10 in Short Blades
 17981 | Lair:4   | Reached skill level 10 in Long Blades
 17981 | Lair:4   | Reached skill level 10 in Axes
 17981 | Lair:4   | Reached skill level 10 in Polearms
 17981 | Lair:4   | Reached skill level 10 in Staves
 17981 | Lair:4   | Reached skill level 10 in Ranged Weapons
 17981 | Lair:4   | Reached skill level 10 in Throwing
 17981 | Lair:4   | Reached skill level 10 in Armour
 17981 | Lair:4   | Reached skill level 10 in Stealth
 17981 | Lair:4   | Reached skill level 10 in Shields
 17981 | Lair:4   | Reached skill level 10 in Unarmed Combat
 17981 | Lair:4   | Reached skill level 10 in Evocations
 18104 | Lair:4   | Noticed Nessos
 18116 | Lair:4   | Killed Nessos
 18226 | Lair:4   | Noticed Josephine
 18238 | Lair:4   | Killed Josephine
 18640 | Lair:3   | Found a hide-covered altar of Uskayaw.
 19222 | Lair:4   | Identified 2 scrolls of acquirement
 19222 | Lair:4   | Acquired the amulet of the Sky {Acrobat MP+9 Int-2 Dex+4
                  | SInv}
 19508 | D:4      | Killed porpoise's ghost
 19753 | D:12     | Found a gate leading to a gauntlet.
 19765 | Gauntlet | Entered a Gauntlet
 19765 | Gauntlet | Found a transporter.
 19765 | Gauntlet | Found a transporter.
 19777 | Gauntlet | Found a transporter.
 19795 | Gauntlet | Found a transporter.
 19795 | Gauntlet | Found a transporter.
 19797 | Gauntlet | Found a transporter.
 19797 | Gauntlet | Found a transporter.
 19810 | Gauntlet | Found a transporter.
 19826 | Gauntlet | Found a transporter.
 19836 | Gauntlet | Found a transporter.
 19850 | Gauntlet | Found a transporter.
 19884 | Gauntlet | Found a transporter.
 19884 | Gauntlet | Found a transporter.
 19896 | Gauntlet | Found a transporter.
 20027 | Gauntlet | Identified the ring of Atrucae {Drain rElec Will+ Str+6
                  | Int+2}
 20076 | Gauntlet | Identified the ring "Veipneg" {rF+ Str+6 Int+3}
 20341 | D:12     | Found a staircase to the Orcish Mines.
 20341 | D:12     | Found Vudygg's Weapon Boutique.
 20403 | D:12     | Noticed Frances
 20481 | D:12     | Learned a level 4 spell: Summon Lightning Spire
 20487 | D:12     | Learned a level 5 spell: Freezing Cloud
 20661 | D:12     | Killed Frances
 20740 | D:12     | Noticed Jorgrun
 20838 | D:12     | Killed Jorgrun
 20894 | D:12     | Noticed Erolcha
 20901 | D:12     | Killed Erolcha
 21500 | D:12     | Acquired 902 gold pieces
 21830 | D:13     | Found a burning altar of Makhleb.
 22220 | D:13     | Found a runed translucent door.
 22437 | Orc:1    | Entered Level 1 of the Orcish Mines
 22614 | Orc:2    | Entered Level 2 of the Orcish Mines
 22775 | Orc:2    | Noticed an orc warlord
 22898 | Orc:2    | Killed an orc warlord
 23049 | Orc:2    | Found a staircase to the Elven Halls.
 23067 | Orc:2    | Found Zapon's Antique Armour Boutique.
 23470 | Orc:2    | Found Hokur's Antique Weapon Shoppe.
 23471 | Orc:2    | Found Semuxkif's Antique Armour Emporium.
 23490 | Orc:2    | Bought a smoking robe for 176 gold pieces
 23490 | Orc:2    | Identified the +1 robe "Lusom" {rF+ SInv} (You bought it in
                  | a shop on level 2 of the Orcish Mines)
 23568 | Orc:2    | Found Got Itwi's Assorted Antiques.
 23579 | Orc:2    | Bought a scroll of enchant armour for 172 gold pieces
 23579 | Orc:2    | Bought a scroll of fog for 92 gold pieces
 23579 | Orc:2    | Bought a scroll of identify for 46 gold pieces
 23585 | Orc:2    | Acquired the +3 hat of Amma {Will- rCorr Stlth+}
 24184 | Elf:1    | Entered Level 1 of the Elven Halls
 24194 | Elf:1    | Reached XP level 16. HP: 126/126 MP: 30/31
 24420 | Elf:1    | Paralysed by an air elemental for 1 turns
 24420 | Elf:1    | HP: 5/127 [+4 flail of holy wrath (18)]
 24431 | Elf:1    | Upgraded the game from 0.31-a0-354-g827e0957a7 to
                  | 0.31-a0-355-g57cb03d3e8
 24435 | Elf:1    | Paralysed by an air elemental for 1 turns
 24998 | Elf:1    | Got Sif Muna's Catalogue of Rot
 25090 | Elf:1    | Found Jusch's Jewellery Emporium.
 25554 | Elf:2    | Found a runed translucent gate.
 25554 | Elf:2    | Found a runed translucent gate.
 25554 | Elf:2    | Found a runed translucent gate.
 28551 | D:14     | Found a gate to the Vaults.
 28733 | D:15     | Entered Level 15 of the Dungeon
 28822 | D:15     | Reached XP level 17. HP: 101/134 MP: 29/33
 28923 | D:15     | Found a staircase to the Depths.
 28997 | D:15     | Learned a level 4 spell: Manifold Assault
 29329 | D:15     | Identified the +2 robe of Goalafath {Harm *Slow rPois rF+}
 29845 | D:15     | Learned a level 5 spell: Fireball
 30663 | Depths:1 | Entered Level 1 of the Depths
 30715 | Depths:1 | Reached skill level 10 in Hexes
 30715 | Depths:1 | Reached skill level 10 in Summonings
 30715 | Depths:1 | Reached skill level 10 in Necromancy
 30715 | Depths:1 | Reached skill level 10 in Translocations
 30715 | Depths:1 | Reached skill level 10 in Transmutations
 30715 | Depths:1 | Reached skill level 10 in Fire Magic
 30715 | Depths:1 | Reached skill level 10 in Ice Magic
 30715 | Depths:1 | Reached skill level 10 in Air Magic
 30715 | Depths:1 | Reached skill level 10 in Earth Magic
 30715 | Depths:1 | Reached skill level 10 in Poison Magic
 30715 | Depths:1 | Reached skill level 10 in Shapeshifting
 31028 | Depths:1 | Found a gateway to Hell.
 31176 | Depths:1 | Found a radiant altar of Vehumet.
 31301 | Depths:1 | Noticed Saint Roka
 31322 | Depths:1 | Killed Saint Roka
 31439 | Depths:1 | Demolished by a purple very ugly thing

Illustrated notes

Levels and vault maps discovered:
D:1:      saegor_arrival_simple_a, layout_loops_ring, nrook_mini_vaults,
          nrook_uturn, minmay_liquid_box
D:2:      layout_loops_ring, hellmonk_ecumenical_altar_crossroads,
          minmay_lizard_pond
D:3:      layout_basic, worldfamousw_hep_ancestral_shrine, grunt_ministairs_12,
          grunt_decor_one_mirror, uniq_jessica
D:4:      layout_gridville, overflow_temple_1_default,
          biasface_ghost_orc_armoury, minmay_ruined_shrine, uniq_ijyb
D:5:      layout_basic, overflow_temple_1_default,
          minmay_temple_entry_drinking_statues, minmay_puff, uniq_grinder,
          uniq_sigmund
D:6:      layout_cave_pools, tso_metal_star, kennysheep_slug_shrine
D:7:      layout_rooms, amcnicky_altar_gilded
D:8:      minmay_thinvault, layout_loops_ring, palyth_temple_overflow_mages,
          lemuel_coloured_pillars_altar, lemuel_doored_altar,
          nicolae_ossuary_entry_plus
D:9:      layout_loops_corners, nicolae_uskayaw_en_pointe,
          chequers_temple_overflow_minitemple, serial_bayou,
          serial_bayou_pond_d, serial_bayou_pond_e, serial_bayou_shore_b,
          serial_bayou_pond_d, serial_bayou_shore_b, uniq_maurice
D:10:     layout_loops_ring, hellmonk_lair_entry_icy, hex_medium
D:11:     layout_stronghold, portal_ice_cave_entry_pillars_2, uniq_snorg
D:12:     layout_stronghold, orc_david_3, gauntlet_entry_generic, uniq_jorgrun,
          uniq_erolcha, uniq_frances
D:13:     gammafunk_mikee_crab_dinner, layout_loops_ring,
          makhleb_altar_promises_db
D:14:     layout_irregular_city, david_vaults_4, lightli_minifort
D:15:     gammafunk_enter_depths_forms, layout_basic,
          minmay_misc_feat_four_crosses, minivault_19, minmay_misc_feat_iff,
          dk_noncrumbling_4, minivault_7
Temple:   hellmonk_temple_beads
Lair:1:   layout_layer_cave, grunt_megastairs_2, lemuel_fruit_tree
Lair:2:   layout_regular_city, guppyfry_snake_entry_island,
          chequers_serial_rivers_micro_c, eino_small_chamber_without_monster,
          serial_bayou_shore_a, lemuel_fruit_fields
Lair:3:   layout_chaotic_city, minmay_swamp_entry_worms, basic_altar,
          st_stairs_4, cheibrodos_lair_lostbears
Lair:4:   layout_misc_corridors, slime_entry_1, st_stairs_10, uniq_nessos,
          uniq_josephine
Lair:5:   minmay_lair_end_enchanted_forest, layout_cave_pods
Orc:1:    layout_caves
Orc:2:    grunt_orc_community_town_hall, layout_caves,
          grunt_orc_community_big_house_1, grunt_orc_community_big_house_2,
          grunt_orc_community_house_2, grunt_orc_community_house_1,
          grunt_orc_community_house_3, grunt_orc_community_house_3,
          grunt_orc_community_house_3, lightli_orcish_oven
Elf:1:    eino_elf_arrival_the_gate, layout_loops_cross, serial_shops,
          nicolae_shop_crystal, minmay_elf_necromancy, lemuel_upstairs_altar
Elf:2:    elven_hall_of_blades_hangedman_original
          [infiniplex_blade_entry_pillars], layout_onion_city, serial_shops,
          shop
Depths:1: layout_roguey, hell_entry, fiery_altar_vehumet,
          grunt_pan_entry_zigzag, kennysheep_generic_room_13, uniq_sojobo,
          uniq_bai_suzhen, uniq_saint_roka

Skill      XL: |  1  2  3  4  5  6  7  8  9 10 11 12 13 14 15 16 17 |
---------------+----------------------------------------------------+-----
Spellcasting   | 5 6 7 8 9 10 11 12 | 12.9
Invocations    | 1 2 3 4 5 6 7 8 9 10 11 12 13 | 13.0
Short Blades   | 1 2 3 4 5 7 8 9 10 11 | 11.9
Long Blades    | 1 2 3 4 5 7 8 9 10 11 | 11.9
Axes           | 1 2 3 4 5 7 8 9 10 11 | 11.9
Polearms       | 1 2 3 4 5 7 8 9 10 11 | 11.9
Staves         | 1 2 3 4 5 7 8 9 10 11 | 11.9
Ranged Weapons | 1 2 3 4 5 7 8 9 10 11 | 11.9
Throwing       | 1 2 3 4 5 7 8 9 10 11 | 11.9
Armour         | 1 2 3 4 5 7 8 9 10 11 | 11.9
Stealth        | 1 2 3 4 5 7 8 9 10 11 | 11.9
Shields        | 1 2 3 4 5 7 8 9 10 11 | 11.9
Unarmed Combat | 1 2 3 4 5 7 8 9 10 11 | 11.9
Evocations     | 1 2 3 4 5 7 8 9 10 11 | 11.9
Hexes          | 1 2 3 4 5 6 7 8 9 10 | 10.1
Summonings     | 1 2 3 4 5 6 7 8 9 10 | 10.1
Necromancy     | 1 2 3 4 5 6 7 8 9 10 | 10.1
Translocations | 1 2 3 4 5 6 7 8 9 10 | 10.1
Transmutations | 1 2 3 4 5 6 7 8 9 10 | 10.1
Fire Magic     | 1 2 3 4 5 6 7 8 9 10 | 10.1
Ice Magic      | 1 2 3 4 5 6 7 8 9 10 | 10.1
Air Magic      | 1 2 3 4 5 6 7 8 9 10 | 10.1
Earth Magic    | 1 2 3 4 5 6 7 8 9 10 | 10.1
Poison Magic   | 1 2 3 4 5 6 7 8 9 10 | 10.1
Shapeshifting  | 1 2 3 4 5 6 7 8 9 10 | 10.1
Fighting       | 5 6 7 8 9 10 11 12 | 12.7
Dodging        | 5 6 7 8 9 10 11 12 | 12.7
Maces & Flails | 7 8 9 10 11 12 13 | 13.5
Conjurations   | 6 7 8 9 10 11 | 11.4

Action                     |  1- 3 |  4- 6 |  7- 9 | 10-12 | 13-15 | 16-18 || total
---------------------------+-------+-------+-------+-------+-------+-------++-------
  Melee: Mace              |   102 |   155 |       |       |       |       ||   257
         Bite              |     7 |    19 |    42 |    65 |   115 |    49 ||   297
         Punch             |     1 |     2 |    13 |     9 |    71 |    31 ||   127
         Flail             |       |    62 |   371 |   158 |       |       ||   591
         Dire flail        |       |       |       |   169 |       |       ||   169
         Double sword      |       |       |       |    21 |   813 |   356 ||  1190
  Throw: Dart              |       |     8 |     7 |    15 |   114 |    81 ||   225
         Javelin           |       |       |       |       |    10 |     5 ||    15
   Cast: Kiss of Death     |     2 |       |       |     1 |       |       ||     3
         Momentum Strike   |       |     1 |       |     1 |     1 |       ||     3
         Call Imp          |       |       |     6 |    11 |     6 |     3 ||    26
         Summon Small Mamm |       |       |     2 |    21 |     8 |     8 ||    39
         Call Canine Famil |       |       |     2 |    12 |     8 |     7 ||    29
         Mephitic Cloud    |       |       |       |    15 |    15 |       ||    30
         Animate Armour    |       |       |       |     9 |    13 |    20 ||    42
         Poisonous Vapours |       |       |       |    22 |    67 |    51 ||   140
         Ignite Poison     |       |       |       |     4 |    12 |     1 ||    17
         Slow              |       |       |       |     1 |       |       ||     1
         Freezing Cloud    |       |       |       |       |     7 |    45 ||    52
         Summon Lightning  |       |       |       |       |     3 |     9 ||    12
         Fireball          |       |       |       |       |       |     8 ||     8
         Manifold Assault  |       |       |       |       |       |     2 ||     2
 Invoke: Step From Time    |       |       |       |       |     1 |     3 ||     4
         Slouch            |       |       |       |       |       |     1 ||     1
Ability: Begin Untransform |       |       |     2 |       |       |       ||     2
  Evoke: Wand              |       |     1 |    17 |     2 |       |    11 ||    31
         Condenser vane    |       |       |       |       |     1 |     1 ||     2
         Lightning rod     |       |       |       |       |       |     4 ||     4
    Use: Potion            |       |     1 |       |     3 |     3 |     3 ||    10
         Scroll            |       |       |     9 |     5 |    23 |     6 ||    43
   Stab: Sleeping          |       |       |    12 |     8 |    19 |     4 ||    43
         Distracted        |       |       |     1 |     5 |    12 |    11 ||    29
         Confused          |       |       |       |    16 |    13 |       ||    29
         Invisible         |       |       |       |     5 |     2 |       ||     7
         Petrified         |       |       |       |       |     2 |       ||     2
 Armour: Leather armour    |    25 |     2 |       |       |   163 |    90 ||   280
         Swamp dragon scal |       |    87 |   144 |   115 |     7 |       ||   353
         Troll leather arm |       |       |       |       |    11 |       ||    11
  Dodge: Dodged            |    84 |   120 |   241 |   314 |  1052 |   450 ||  2261
   Form: Beast             |     1 |       |     1 |       |       |       ||     2

Table legend: (Time is in decaauts)
 A = Elapsed time spent in this place.
 B = Non-inter-level travel time spent in this place.
 C = Inter-level travel time spent in this place.
 D = Time resting spent in this place.
 E = Time spent auto-exploring this place.
 F = Levels seen in this place.
 G = Mean time per level.
                   A        B        C        D        E       F      G
               +--------+--------+--------+--------+--------+-----+--------+
         Total |  44668 |  40997 |   3671 |   6117 |  27321 |  29 | 1540.3 |
       Dungeon |  24788 |  22456 |   2332 |   3260 |  15569 |  15 | 1652.5 |
        Temple |      4 |      4 |      0 |      0 |      0 |   1 |    4.0 |
          Lair |  10495 |   9609 |    886 |   1017 |   6922 |   5 | 2099.0 |
  Orcish Mines |   2952 |   2778 |    174 |    180 |   1928 |   2 | 1476.0 |
   Elven Halls |   2903 |   2626 |    277 |    854 |   1286 |   2 | 1451.5 |
        Depths |   1004 |   1004 |      0 |    405 |    421 |   1 | 1004.0 |
       Ossuary |    538 |    538 |      0 |      0 |    326 |   1 |  538.0 |
      Ice Cave |   1248 |   1248 |      0 |    259 |    572 |   1 | 1248.0 |
      Gauntlet |    734 |    734 |      0 |    141 |    296 |   1 |  734.0 |
               +--------+--------+--------+--------+--------+-----+--------+

Top non-repeatable levels by time:
  Lair:5: 3290 daAuts
   Elf:1: 2877 daAuts
    D:15: 2828 daAuts
   Orc:2: 2628 daAuts
    D:14: 2447 daAuts
    D:13: 2393 daAuts
    D:12: 2271 daAuts
    D:11: 2230 daAuts
     D:8: 2045 daAuts
  Lair:3: 2040 daAuts
  Lair:2: 2016 daAuts
     D:9: 1746 daAuts
  Lair:1: 1722 daAuts
  Lair:4: 1425 daAuts
     D:5: 1416 daAuts
